 Dungeon Crawl Stone Soup version 0.27.1-3-gb3d3a73c9e (webtiles) character file.

Game seed: 13987930121581515676

82 jlumianski the Covered (level 4, 0/28 HPs)
             Began as a Gargoyle Fighter on Oct 25, 2021.
             Killed by divine providence
             ... invoked by an orc priest
              (17 damage)
             ... on level 3 of the Dungeon.
             The game lasted 00:06:43 (2233 turns).

jlumianski the Covered (Gargoyle Fighter)           Turns: 2233, Time: 00:06:44

Health: 0/28       AC: 15    Str: 21    XL:     4   Next: 43%
Magic:  4/4        EV:  5    Int:  8    God:
Gold:   55         SH:  9    Dex:  9    Spells: 3/3 levels left

rFire    . . .     SeeInvis .   a - +0 war axe (vorpal)
rCold    . . .     Faith    .   c - +0 kite shield
rNeg     + . .     Spirit   .   j - +0 chain mail
rPois    ∞         Reflect  .   o - +1 helmet
rElec    +         Harm     .   (no cloak)
rCorr    .         Rampage  .   (no gloves)
Will     .....                  (no boots)
Stlth    ..........             (no amulet)
HPRegen  0.09/turn              (no ring)
MPRegen  0.09/turn              (no ring)

@: no status effects
A: sickness immunity, AC +3, negative energy resistance 1, electricity
resistance, torment resistance 1, petrification resistance
a: no special abilities


You were on level 3 of the Dungeon.
You visited 1 branch of the dungeon, and saw 3 of its levels.

You collected 55 gold pieces.

Inventory:

Hand Weapons
 a - a +0 vorpal war axe (weapon)
Missiles
 e - 41 sling bullets
 f - 96 stones (quivered)
Armour
 b - a +0 scale mail
 c - a +0 kite shield (worn)
 j - a +0 chain mail (worn)
 k - a +0 buckler
 o - a +1 helmet (worn)
Scrolls
 h - a scroll of teleportation
Potions
 d - a potion of might
 g - 2 potions of haste
 l - 2 potions of flight


   Skills:
 + Level 3.4 Fighting
 + Level 2.8 Axes
 + Level 4.1 Armour
 + Level 0.2 Dodging
 + Level 4.0 Shields


You had 3 spell levels left.
You didn't know any spells.
Your spell library was empty.

Dungeon Overview and Level Annotations

Branches:
Dungeon (3/15)

Altars:


Innate Abilities, Weirdness & Mutations

You are immune to sickness and miasma.
Your stone body is resilient. (AC +3)
You are immune to poison.
You resist negative energy. (rN+)
You are resistant to electric shocks. (rElec)
You are resistant to unholy torment.
You are immune to petrification.


Message History

The orc priest mumbles some strange prayers to Beogh against you.
Pain shoots through your body!
You closely miss the orc priest.
The orc priest hits you but does no damage.
You hit the orc priest.
The orc priest is heavily wounded.
The orc priest hits you with a +0 hand axe.
The orc priest hits you but does no damage.
You barely miss the orc priest.
The orc priest is heavily wounded.
The orc priest hits you but does no damage.
The orc priest invokes the aid of Beogh against you.
Pain shoots through your body!
You closely miss the orc priest.
The orc priest is heavily wounded.
The orc priest mumbles some strange prayers to Beogh against you.
Pain shoots through your body!
You slash the orc priest!
You kill the orc priest!
Your Armour skill increases to level 4!
Your Shields skill increases to level 4!
You have reached level 4!
You feel stronger.
You start resting.
HP restored.
You climb downwards.
There is a stone staircase leading up here.
You open the door. 2 orcs, an orc priest and an orc wizard come into view.
The orc shouts!
The orc wizard shouts!
The orc shouts!
The orc priest shouts!
An orc comes into view. It is wielding a +0 hand axe.
Your chain mail prevents you from hitting the orc.
The orc shouts!
The orc priest calls down the wrath of Beogh upon you.
Beogh smites you! The orc hits you but does no damage.
The orc barely misses you.
The orc priest mumbles some strange prayers to Beogh against you.
Beogh smites you!
Ouch! That really hurt!
You die...

. .### .#...#
..##(## #
#.#... .##.
#.#..# .....
#.#..#
#..o####.#..###
#.ooo.@......<#
#..o#####.#####
..... #.# ####
#....o...
#########


You could see an orc priest, an orc wizard and 3 orcs.

Vanquished Creatures
  An orc priest (D:2)
  An adder (D:2)
  2 worms (D:2)
  2 orcs (D:2)
  5 bats
  3 endoplasms
  A giant cockroach (D:2)
  2 hobgoblins
  A quokka (D:2)
  5 ball pythons
  6 goblins
  2 kobolds
  4 rats
35 creatures vanquished.

Notes
Turn   | Place    | Note
-------+----------+-------------------------------------------
     0 | D:1      | jlumianski the Gargoyle Fighter began the quest for the
                  | Orb.
     0 | D:1      | Reached XP level 1. HP: 14/14 MP: 1/1
   683 | D:1      | Reached XP level 2. HP: 13/19 MP: 2/2
  1162 | D:2      | Found a faded altar of an unknown god.
  1296 | D:2      | Reached XP level 3. HP: 23/23 MP: 3/3
  2041 | D:2      | Reached XP level 4. HP: 11/28 MP: 4/4
  2233 | D:3      | Killed from afar by an orc priest

Illustrated notes

Levels and vault maps discovered:
D:1:      evilmike_arrival_plus, layout_loops_corners
D:2:      layout_basic, chequers_ecumenical_altar_simple_redux
D:3:      layout_basic, gammafunk_ghost_split

Skill      XL: |  1  2  3 |
---------------+----------+-----
Axes           | 2 |  2.8
Armour         | 4 |  4.1
Shields        | 4 |  4.0
Fighting       | |  3.4
Dodging        | |  0.2

Action                   |  1- 3 |  4- 6 || total
-------------------------+-------+-------++-------
Melee: War axe           |   119 |     1 ||   120
Throw: Stone             |     7 |       ||     7
  Use: Scroll            |     5 |       ||     5
Armor: Scale mail        |    23 |       ||    23
       Chain mail        |    61 |     1 ||    62
Dodge: Dodged            |    39 |     1 ||    40
Block: Kite shield       |    57 |       ||    57
